 Dungeon Crawl Stone Soup version 0.30-b1-2-g02819fbbbe (webtiles) character file.

Game seed: 15313168527176377020

347 redmage the Digger (level 7, -10/50 HPs)
             Began as a Meteoran Earth Elementalist on Sept 1, 2023.
             Mangled by a gnoll
             ... wielding a +0 halberd
             ... led by a gnoll bouda
              (11 damage)
             ... on level 6 of the Dungeon.
             The game lasted 00:12:34 (1031 turns).

redmage the Digger (Meteoran Earth Elementalist)    Turns: 1031, Time: 00:12:34

Health: -10/50     AC:  4    Str:  9    XL:     7   Next: 14%
Magic:  13/15      EV: 12    Int: 20    God:
Gold:   25         SH:  0    Dex: 14    Spells: 9/15 levels left

rFire   . . .        h - +1 dagger (speed)
rCold   . . .        (no shield)
rNeg    . . .        a - +0 robe
rPois   .            l - +0 helmet
rElec   .            (no cloak)
rCorr   .            c - +0 pair of gloves
SInv    .            (no boots)
Will    .....        (no amulet)
Stlth   +            (no ring)
HPRegen 0.28/turn    (no ring)
MPRegen 0.14/turn

%: no passive effects
@: glowing
A: sense surroundings 1, otherworldly, glowing, explore regen
a: no special abilities


You were on level 6 of the Dungeon.
You visited 1 branch of the dungeon, and saw 6 of its levels.

You collected 64 gold pieces.
You spent 39 gold pieces at shops.

Inventory:

Hand Weapons
 h - a +1 dagger of speed (weapon)
Armour
 a - a +0 robe (worn)
 c - a +0 pair of gloves (worn)
 l - a +0 helmet (worn)
Scrolls
 e - a scroll of enchant armour
 m - 2 scrolls of teleportation
 p - a scroll of magic mapping {unknown}
 r - a scroll of poison {unknown}
 s - a scroll of fear {unknown}
Potions
 b - a potion of magic
 d - 2 potions of might
 f - a potion of berserk rage {unknown}
 g - 2 potions of brilliance {unknown}
 i - a potion of heal wounds {unknown}
 j - a potion of flight {unknown}
 k - a potion of haste {unknown}
 n - a potion of attraction {unknown}
 o - a potion of mutation {unknown}
 q - a potion of curing {unknown}


   Skills:
 - Level 2.4 Dodging
 - Level 1.4 Stealth
 + Level 4.9 Spellcasting
 * Level 4.8 Conjurations
 - Level 1.2 Transmutations
 + Level 5.5 Earth Magic


You had 9 spell levels left.
You knew the following spells:

 Your Spells              Type           Power      Damage    Failure   Level
a - Sandblast             Erth           54%        2d13      1%          1
b - Passwall              Tmut/Erth      15%        N/A       4%          2
c - Stone Arrow           Conj/Erth      50%        3d10      4%          3

Your spell library contained the following spells:

 Spells                   Type           Power      Damage    Failure   Level
 Blink                    Tloc           8%         N/A       19%         2
 Petrify                  Tmut/Erth      18%        N/A       28%         4
 Animate Armour           Summ/Erth      32%        N/A       36%         4
 Manifold Assault         Tloc           4%         N/A       75%         4
 Storm Form               Tmut/Air       3%         N/A       100%        7
 Lehudib's Crystal Spear  Conj/Erth      12%        10d4      100%        8


Dungeon Overview and Level Annotations

Branches:
Dungeon (6/15) Zot: 2540
 Temple: D:4-7

Altars:
Hepliaklqana
Qazlal
Trog
Wu Jian

Shops:
D:2 *


Innate Abilities, Weirdness & Mutations

You passively map a small area around you.
You are easily found by Zot.
You glow in the dark.
You regain HP and MP as you explore.


Message History

Unknown command.
An orc comes into view. It is wielding a +0 short sword.
The gnoll throws a throwing net.
The throwing net hits you.
You become entangled in the net!
Casting: Stone Arrow (dangerous; 4% risk of failure)
Confirm with . or Enter, or press ? or * to list all spells.
Okay, then.
You tear a large gash into the net.
The orc shouts!
You struggle against the net.
The gnoll bouda barks out a call to the hunt!
The gnoll picks up the pace!
You struggle against the net.
The gnoll hits you from afar with a +0 halberd!
The gnoll bouda barks out a call to the hunt!
The gnoll picks up the pace!
You rip the net and break free!
The gnoll barely misses you.
The gnoll throws a throwing net.
The throwing net hits you.
You become entangled in the net!
There is a stone staircase leading up here.
You see here a throwing net.
You tear a large gash into the net.
The gnoll hits you from afar with a +0 halberd!
The gnoll bouda hits you with a +0 club!
You struggle against the net.
The gnoll closely misses you.
The gnoll hits you from afar with a +0 halberd!
* * * LOW HITPOINT WARNING * * *
The gnoll hits you with a +0 club.
* * * LOW HITPOINT WARNING * * *
The gnoll bouda barely misses you.
Unknown command.
You rip the net and break free!
The gnoll misses you.
The gnoll hits you from afar with a +0 halberd.
* * * LOW HITPOINT WARNING * * *
The gnoll hits you but does no damage.
The gnoll bouda hits you but does no damage.
Unknown command.
The gnoll barely misses you.
The gnoll hits you from afar with a +0 halberd!
You die...

..##.## ,
,..#..# * #,
)...# , ** *
##.##...# *
......#.#
.....#..## * ,
, #...ogg# , ,
##...g.# ,
#...g@#* * * ,
#.[.......... ,
,
*#.......#####*
, ,
,*#.....#... *
#.....#.... ,
########....#
** , * ....# ,
*** ###.. , * ,
, ,


You could see a gnoll bouda, 3 gnolls and an orc.

Vanquished Creatures
  A scorpion (D:5)
  A hound (D:5)
  An orc priest (D:4)
  A sleepcap (D:5)
  3 iguanas (D:4)
  An orc wizard (D:4)
  A gnoll (D:6)
  6 adders
  An ufetubus (D:5)
  A dart slug (D:5)
  An orc (D:4)
  7 endoplasms
  A giant cockroach (D:1)
  2 goblins (D:4)
  2 hobgoblins
  3 jackals (D:3)
  2 kobolds
  A quokka (D:4)
  2 ball pythons
  2 bats (D:1)
  3 rats
43 creatures vanquished.

Notes
Turn   | Place    | Note
-------+----------+-------------------------------------------
     0 | D:1      | redmage the Meteoran Earth Elementalist began the quest for
                  | the Orb.
     0 | D:1      | Reached XP level 1. HP: 14/14 MP: 5/5
   106 | D:2      | Reached XP level 2. HP: 20/20 MP: 5/7
   112 | D:2      | Learned a level 2 spell: Passwall
   127 | D:2      | Reached skill level 4 in Earth Magic
   149 | D:2      | Found Pyeri's General Store.
   159 | D:2      | Bought a potion of degeneration for 13 gold pieces
   230 | D:2      | Noticed a scorpion
   251 | D:1      | Reached XP level 3. HP: 26/26 MP: 5/8
   262 | D:1      | Learned a level 3 spell: Stone Arrow
   307 | D:3      | Found a stormy altar of Qazlal.
   413 | D:3      | Reached skill level 1 in Conjurations
   459 | D:2      | Bought a scroll of identify for 26 gold pieces
   576 | D:4      | Reached XP level 4. HP: 33/33 MP: 8/10
   644 | D:3      | You fall into a shaft and drop 2 floors!
   644 | D:5      | Entered Level 5 of the Dungeon
   651 | D:5      | Noticed a scorpion
   654 | D:5      | Killed a scorpion
   655 | D:5      | Reached XP level 5. HP: 36/38 MP: 4/12
   732 | D:5      | Reached skill level 5 in Earth Magic
   732 | D:5      | Reached XP level 6. HP: 45/45 MP: 6/13
   916 | D:5      | Reached XP level 7. HP: 50/50 MP: 8/15
   931 | D:5      | Found a bloodstained altar of Trog.
   940 | D:5      | Found an ornate altar of the Wu Jian Council.
  1019 | D:6      | Found a hazy altar of Hepliaklqana.
  1030 | D:6      | HP: 1/50 [gnoll/+0 halberd[a gnoll bouda] (4)]
  1031 | D:6      | Mangled by a gnoll

Illustrated notes

Levels and vault maps discovered:
D:1:      amcnicky_arrival_feature_with_door, layout_loops_ring,
          hellmonk_ecumenical_altar_watching_god
D:2:      layout_basic, serial_shops, nicolae_shop_getting_attention
D:3:      layout_loops_ring, grunt_qazlal_sundering
D:4:      layout_basic
D:5:      layout_loops_cross, mainiacjoe_overflow_catwalk_spiral,
          minmay_temple_entry_offerings, st_stairs_2
D:6:      layout_rooms, mainiacjoe_overflow_small_starburst

Skill      XL: |  1  2  3  4  5  6 |
---------------+-------------------+-----
Spellcasting   | 3 4 |  4.9
Earth Magic    | 4 5 |  5.5
Conjurations   | 1 3 4 |  4.8
Dodging        | |  2.4
Stealth        | |  1.4
Transmutations | |  1.2

Action                     |  1- 3 |  4- 6 |  7- 9 || total
---------------------------+-------+-------+-------++-------
  Melee: Unarmed           |     2 |       |       ||     2
   Cast: Sandblast         |    29 |    24 |     1 ||    54
         Passwall          |     5 |     5 |     1 ||    11
         Stone Arrow       |       |    12 |     1 ||    13
    Use: Scroll            |       |     5 |       ||     5
 Armour: Robe              |     7 |     5 |     2 ||    14
  Dodge: Dodged            |     8 |    10 |     5 ||    23
